[Event "ONJK DE"]
[Site "Enschede, Netherlands"]
[Date "2022.08.08"]
[Round "1.1"]
[White "Van Haaften, Jelle"]
[Black "Terlouw, Wouter"]
[Result "1-0"]
[TimeControl "40min + 30sec/move"]
[WhiteElo "992"]
[BlackElo "1720"]

1. c4 e5 2. Nc3 Nf6 3. g3 d5 4.
cxd5 Nxd5 5. Bg2 Nb6 6. d3 Nc6 7. Bxc6+ bxc6 8. Nf3 Bd6 9. O-O Bh3 10. Re1 O-O 11. e4 f5 12. Ng5 Bg4 13.
Qb3+ Kh8 14. Nf7+ Rxf7 15. Qxf7 Bc5 16. Be3 Nd7 17. Kg2 Bxe3 18. fxe3 Rb8 19. b3 Nf6 20. Qc4 fxe4 21. Nxe4 Qd7 22. Nxf6 Bh3+ 23. Kg1 gxf6 24. Rac1 Rb6 25.
d4 Qf5 26. Rc2 Qe6 27. Qxe6 Bxe6 28. Rec1 Bd5 29. Rf2 Kg7 30. Rcf1 exd4 31. exd4 Ra6 32. h4 h5 33. Re1 Kf7 34.
Re5 Kg6 35. Re7 Rb6 36. Rxc7 a5 37. Rd7 a4 38. Rd6 axb3 39. axb3 Rxb3 40. Rfxf6+ Kg7 41. Rg6+ Kf7 42.
Rdf6+ Ke7 43. Rf1 Rb2 44. Re1+ Kf7 45. Rg5 Rg2+ 46. Kf1 Rd2 47. Rxh5 Rxd4 48. Kf2 Rg4 49. Ree5 Ra4 50. Rxd5 cxd5 51.
Rxd5 Kg6 52. Kg2 Ra2+ 53. Kh3 Ra3 54. h5+ Kg7 55. Kh4 Kh6 56. Rd6+ Kh7 57. g4 Ra5 58. h6 Ra7 59. Kh5 Kh8 60. g5 Ra8 61. Kg6 Rg8+ 62.
Kh5 Ra8 63. Rd7 Rb8 64. Rd5 Ra8 65. g6 Rb8 66. h7 Kg7 67. Rd7+ Kf6 68. Kh6 Ra8 69. Rf7+ 1-0

[Event "ONJK DE"]
[Site "Enschede, Netherlands"]
[Date "2022.08.08"]
[Round "1.2"]
[White "Groenewoud, Joel"]
[Black "Burger, Dominick"]
[Result "1-0"]
[TimeControl "40min + 30sec/move"]
[WhiteElo "1497"]
[BlackElo "955"]

1. e4 c5 2. Nf3 e6 3. d4 cxd4 4. Nxd4 Bc5 5. Nb3 b6 6. Nxc5 bxc5 7. c4 Ne7 8. Nc3 O-O 9. Be2 Bb7 10. O-O f5 11. e5 Nbc6 12. f4 Qe8 13. Nb5 Nd4 14.
Nxd4 cxd4 15. Qxd4 Nc6 16. Qd6 Rb8 17. Bf3 Qf7 18. b3 Rfd8 19. Rd1 h6 20. Be3 Ra8 21. Rd2 Qe8 22. Rad1 Kh7 23.
Qc7 Rab8 24. Rxd7 Rxd7 25. Rxd7 Qg8 26. Bxc6 Bxc6 27. Qxc6 1-0

[Event "ONJK DE"]
[Site "Enschede, Netherlands"]
[Date "2022.08.08"]
[Round "1.3"]
[White "Okita, Shinsaku"]
[Black "Klein Tuente, Sam"]
[Result "1/2-1/2"]
[TimeControl "40min + 30sec/move"]
[WhiteElo "938"]
[BlackElo "1383"]

1. e4 e6 2. d4 d5 3. exd5 exd5 4. Nc3 Nf6 5. Nf3 c5 6. Bb5+ Bd7 7. O-O Be7 8. Bf4 O-O 9. Bxd7 Nbxd7 10. Be5 Nxe5 11. dxe5 Nd7 12. Nxd5 Nb6 13. Nxe7+ Qxe7 14. Qe2 Rfe8 15. Rfe1 Nd7 16.
Qb5 b6 17. Rad1 Rad8 18. h3 h6 19. Qa4 Nf8 20. c3 Ng6 21. Kh1 Rxd1 22. Qxd1 Nh4 23. Nxh4 Qxh4 24. Kg1 Rd8 25. Qe2 Qf4 26.
e6 fxe6 27. Qxe6+ Kh8 28. Qe7 Rf8 29. Re2 Rf7 30. Qe8+ Rf8 31. Qe7 Rf7 32. Qe8+ Rf8 33. Qe7 1/2-1/2

[Event "ONJK DE"]
[Site "Enschede, Netherlands"]
[Date "2022.08.08"]
[Round "1.4"]
[White "Declerck, Adriaan"]
[Black "Ruzaykyn, Olga"]
[Result "1-0"]
[TimeControl "40min + 30sec/move"]
[WhiteElo "1371"]
[BlackElo "930"]

1. e4 c6 2. d4 d5 3. e5 Bf5 4.
h4 h5 5.
Be2 e6 6. Nf3 Bg4 7. Nbd2 Nd7 8. c3 Ne7 9. Ng5 Bxe2 10. Qxe2 Nf5 11. Ndf3 c5 12. a3 Qb6 13. Be3 Nxe3 14.
fxe3 Be7 15. O-O f6 16. exf6 gxf6 17. Nh3 Qd6 18. Nf4 e5 19. Ng6 Rg8 20. dxe5 fxe5 21. Nxe7 Kxe7 22. Ng5 Raf8 23.
Qxh5 Rh8 24. Rf7+ Kd8 25. Rxf8+ Rxf8 26. Nf7+ Rxf7 27. Qxf7 Nf8 28. Rd1 Qe7 29. Rxd5+ Nd7 30. Qxe7+ Kxe7 31.
Rxd7+ Kxd7 32. Kf2 Ke7 33. Kf3 Kf6 34. Ke4 b6 35. h5 Kg5 36. g4 Kf6 37. h6 Kg6 38. Kxe5 Kxh6 39. Kd6 c4 40.
Kc6 Kg5 41. Kb7 Kxg4 42. Kxa7 Kf3 43. Kxb6 Kxe3 44. a4 Kd2 45. Kc5 Kc2 46. Kxc4 Kxb2 47. a5 Kc2 48. a6 Kc1 49. a7 1-0

[Event "ONJK DE"]
[Site "Enschede, Netherlands"]
[Date "2022.08.08"]
[Round "1.5"]
[White "Zult, Olav"]
[Black "Verwer, Oscar"]
[Result "0-1"]
[TimeControl "40min + 30sec/move"]
[WhiteElo "918"]
[BlackElo "1361"]

1. d4 Nf6 2. Nf3 g6 3. g3 Bg7 4.
Bg2 O-O 5. O-O d5 6. b3 c5 7. c4 Nc6 8. Bb2 cxd4 9. Nxd4 Nxd4 10.
Bxd4 dxc4 11. bxc4 Qc7 12. Qd3 Rd8 13. Qc3 Bf5 14. Nd2 Rac8 15. Rfe1 Qd7 16. e4 Be6 17. e5 Ng4 18. Re4 Bf5 19.
Rf4 Bh6 20. Rf3 Qxd4 21. Qxd4 Rxd4 22. Nb3 Rdxc4 23. h3 Nxe5 24. Rxf5 gxf5 25. Bxb7 R8c7 26. Bd5 Rc3 27. Re1 Nf3+ 28.
Bxf3 Rxf3 29. Kg2 Rfc3 30. Rd1 Rc2 31. a4 R7c3 32. Nd4 Ra2 33. Nb5 Rcc2 34. Nd4 Rxf2+ 35. Kg1 Be3 36. Kh1 Rh2# 0-1

[Event "ONJK DE"]
[Site "Enschede, Netherlands"]
[Date "2022.08.08"]
[Round "1.6"]
[White "Zhang, Yourui Eric (E)"]
[Black "Katpatal, Akshaj (E)"]
[Result "0-1"]
[TimeControl "40min + 30sec/move"]
[WhiteElo "979"]
[BlackElo "1874"]

1. e4 e5 2. Nf3 Nc6 3. Bc4 Bc5 4. Nc3 Nf6 5. O-O d6 6. h3 Be6 7. Nd5 Nxe4 8. d3 Nxf2 9. Rxf2 Bxf2+ 10. Kxf2 Na5 11. Ne3 Nxc4 12. Nxc4 Bxc4 13. dxc4 O-O 14. Kg1 Re8 15. Bg5 Qd7 16. c5 f6 17. Bh4 Rad8 18. cxd6 Qxd6 19.
Qe2 e4 20. Nh2 Qd4+ 21. Kh1 e3 22. c3 Qxh4 23. Nf3 Qe4 24. Rd1 Rxd1+ 25. Qxd1 e2 26. Qe1 Rd8 27. Qg3 Rd1+ 28. Kh2 Qxf3 29. Qxf3 e1=Q 30. Qxb7 Qe5+ 31.
g3 Rd2+ 32. Qg2 Rxg2+ 33. Kxg2 Qe2+ 34. Kg1 Kf7 35. Kh1 Ke6 36. Kg1 Kd5 37. Kh1 Ke4 38. Kg1 Kf3 39. Kh1 Qg2# 0-1

[Event "ONJK DE"]
[Site "Enschede, Netherlands"]
[Date "2022.08.08"]
[Round "1.7"]
[White "Thijssen, Freek (E)"]
[Black "Brorens, Victor (E)"]
[Result "1-0"]
[TimeControl "40min + 30sec/move"]
[WhiteElo "1484"]
[BlackElo "952"]

1. e4 e5 2. Nf3 Nc6 3.
Bc4 Bc5 4. c3 Nf6 5. d4 exd4 6. cxd4 Bb4+ 7. Bd2 Bxd2+ 8. Nbxd2 O-O 9. d5 Na5 10. Bd3 b6 11.
O-O d6 12. h3 Bd7 13. Rc1 Re8 14. Qc2 Rc8 15. Ba6 Rb8 16. Qxc7 Qxc7 17. Rxc7 Kf8 18. b4 Bc8 19. Rxc8 Rbxc8 20. Bxc8 Rxc8 21. bxa5 bxa5 22. Rb1 Re8 23. Rb5 Nxe4 24. Nxe4 Rxe4 25. Rxa5 Re7 26. Nd4 Rc7 27. Nc6 Ke8 1-0

[Event "ONJK DE"]
[Site "Enschede, Netherlands"]
[Date "2022.08.08"]
[Round "1.8"]
[White "Mendelsohn, Saffran (E)"]
[Black "Leenen, Boyd (E)"]
[Result "0-1"]
[TimeControl "40min + 30sec/move"]
[WhiteElo "824"]
[BlackElo "1417"]

1. e4 e5 2. Bc4 Nf6 3. Nc3 Bc5 4.
Nf3 Nc6 5. d3 h6 6. O-O d6 7. h3 Be6 8. Bb3 O-O 9. Be3 Bb6 10. Re1 Re8 11. Bxb6 axb6 12. d4 exd4 13. Nxd4 Qd7 14.
Qd3 Rad8 15. Rad1 Bxb3 16. axb3 Ne5 17. Qe3 Ng6 18. Nf5 Kh7 19. Nd5 Nxe4 20. Qf3 Ng5 21. Qg4 Ne5 22. Qf4 Nef3+ 23. Kf1 Nxe1 24. Rxe1 Rxe1+ 25. Kxe1 Qe6+ 26. Nde3 Qf6 27. h4 Ne6 28. Qe4 g6 29. Nxh6 Kg7 30. h5 Qg5 31. Neg4 Qxh5 32.
Qf3 Qa5+ 33. Kd1 f5 34. b4 fxg4 35. Qf7+ Kxh6 36. bxa5 Ng5 37. Qxc7 Rf8 38. Qc3 Rxf2 39. axb6 Rxg2 40.
Qc7 Rg1+ 41. Kd2 g3 42. Qxb7 g2 43. Kc3 Ne6 44. Qa8 Nf4 45. b7 Rf1 46. Qh8+ Kg5 47. Qd8+ Kg4 48. Qc8+ Kg3 49.
b8=Q g1=Q 50. Kb3 Rf3+ 51. Ka2 Qd4 52. Qb5 Nd5 53. c3 Qd2 54.
Ka3 Nxc3 55. bxc3 Rxc3+ 56. Qxc3 Qxc3+ 57. Ka2 Qd2+ 58. Kb3 Qe3+ 59. Ka4 Qe4+ 60. Ka3 Qf3+ 61. Kb2 Qf2+ 62. Kc3 Qc5+ 63. Qxc5 dxc5 64. Kc4 Kf3 65. Kxc5 g5 66. Kd4 g4 67.
Kd3 g3 68. Kd2 Kf2 69. Kd3 g2 70. Ke4 g1=Q 71. Kd4 Qe1 72. Kd5 Qe3 73. Kd6 Qe4 74. Kc5 0-1

[Event "ONJK DE"]
[Site "Enschede, Netherlands"]
[Date "2022.08.09"]
[Round "2.1"]
[White "Peeters, Yumi"]
[Black "Groenewoud, Joel"]
[Result "0-1"]
[TimeControl "40min + 30sec/move"]
[WhiteElo "1213"]
[BlackElo "1497"]

1. e4 c6 2. Nf3 d5 3. Nc3 dxe4 4. Nxe4 Nf6 5. Qe2 Nxe4 6. Qxe4 Qa5 7. Bc4 Bf5 8. Qd4 e6 9. c3 Nd7 10.
Qf4 Rd8 11. O-O Nf6 12. d4 Bd6 13. Qh4 O-O 14. Bg5 Be7 15. Qg3 Ne4 16. Qh4 Bxg5 17. Nxg5 Nd2 18. Bb3 Nxf1 19. Rxf1 h6 20.
Nf3 c5 21. Re1 cxd4 22. Re5 Qc7 23. cxd4 Qc1+ 24. Re1 Qxb2 25.
Qe7 Rc8 26. Qxb7 Rc1 27. d5 Qb1 28.
Kf1 Bd3+ 0-1

[Event "ONJK DE"]
[Site "Enschede, Netherlands"]
[Date "2022.08.09"]
[Round "2.2"]
[White "Gang, Kevin Wan Ze"]
[Black "Declerck, Adriaan"]
[Result "0-1"]
[TimeControl "40min + 30sec/move"]
[WhiteElo "1105"]
[BlackElo "1371"]

1. e4 c6 2. d4 d5 3. e5 Bf5 4. Nc3 e6 5. Nf3 h6 6. Bd3 Bxd3 7. Qxd3 a6 8. a4 c5 9. dxc5 Bxc5 10.
Be3 Bxe3 11. Qxe3 Nc6 12. O-O d4 13. Qd2 dxc3 14. Qxc3 Nge7 15. Rad1 Qc7 16. Rfe1 Nd5 17. Qc4 Rc8 18.
Qg4 O-O 19. Qg3 Nce7 20. c3 Nf5 21. Qg4 Kh7 22. Rxd5 exd5 23. Qxf5+ g6 24. Qh3 Qc6 25. Nd4 Qxa4 26. g3 Rce8 27.
b3 Qa5 28. Re3 Qc7 29. e6 Qc8 30. exf7 Rxe3 31. Qxc8 Re1+ 32. Kg2 Rxc8 33. Nf3 Rc1 34. Ne5 Kg7 35. f4 Rf8 36. c4 dxc4 37.
bxc4 Rxf7 38. Nxf7 a5 39. Nd6 a4 40. Nxb7 Rxc4 41. Nd6 Rc2+ 42. Kh3 a3 43. Nb5 a2 44. Nd4 Rb2 45. Ne6+ Kf6 46.
f5 a1=Q 47. fxg6 Qf1+ 48. Kh4 Rxh2+ 49. Kg4 Qf5# 0-1

[Event "ONJK DE"]
[Site "Enschede, Netherlands"]
[Date "2022.08.09"]
[Round "2.3"]
[White "Verwer, Oscar"]
[Black "Rooijakkers, Liam"]
[Result "0-1"]
[TimeControl "40min + 30sec/move"]
[WhiteElo "1361"]
[BlackElo "1266"]

1. e4 e5 2. Nf3 Nf6 3. Nc3 Bc5 4. Nxe5 Nc6 5. Nxc6 dxc6 6. h3 h5 7. Bc4 Qd6 8. d3 a5 9. Qf3 b5 10.
Nxb5 cxb5 11. Bxb5+ c6 12. Ba4 Bd7 13. c3 Bb6 14. d4 Bxd4 15. cxd4 Qb4+ 16. Qc3 Qxa4 17. O-O Qb4 18. Bd2 Qxc3 19.
Bxc3 O-O 20. e5 Nd5 21. f4 Bf5 22. Kh2 Rfb8 23. Rg1 h4 24. g4 hxg3+ 25. Rxg3 Bh7 26. Rag1 Nxc3 27. Rxg7+ Kh8 28.
bxc3 Rb2+ 29. R7g2 Rab8 30. Rxb2 Rxb2+ 31. Rg2 Rb5 32. Kg3 Be4 33. Re2 Bf5 34. h4 Rb8 35. Rd2 Rg8+ 36. Kf3 Be6 37.
Ke4 Rg4 38. Rh2 Kg7 39. Kf3 Kh6 40. a3 Kh5 41. Rh1 Bd5+ 0-1

[Event "ONJK DE"]
[Site "Enschede, Netherlands"]
[Date "2022.08.09"]
[Round "2.4"]
[White "Feenstra, Bram"]
[Black "Breider, Jayden"]
[Result "0-1"]
[TimeControl "40min + 30sec/move"]
[WhiteElo "1072"]
[BlackElo "1350"]

1. e4 c5 2. Bc4 e6 3. Nc3 a6 4. a4 d6 5. Nf3 Nf6 6. d3 Nbd7 7. Bg5 h6 8. Bxf6 Nxf6 9. O-O Be7 10.
d4 cxd4 11. Nxd4 O-O 12. Qf3 Qb6 13. Rad1 e5 14. Nf5 Bxf5 15. Qxf5 Qxb2 16. Nd5 Nxd5 17. Bxd5 Rad8 18. Rb1 Qxc2 19.
Rxb7 Bf6 20. Qg6 Kh8 21. Bxf7 Rb8 22. Bd5 Rxb7 23. Bxb7 Qxa4 24. Bd5 Qd7 25. g3 a5 26. Rb1 Qe8 27.
Qf5 Bg5 28. Qg4 Qc8 29. Be6 Qc2 30. Rf1 a4 31. Bf5 a3 32. Ra1 g6 33. Be6 Qxf2+ 34. Kh1 Qb2 35. Qd1 Rf2 36. Ra2 Rxh2+ 37. Kg1 Be3+ 38. Kf1 Rh1# 0-1

[Event "ONJK DE"]
[Site "Enschede, Netherlands"]
[Date "2022.08.09"]
[Round "2.5"]
[White "Decraene, Lotus"]
[Black "Deij, Casper"]
[Result "1-0"]
[TimeControl "40min + 30sec/move"]
[WhiteElo "1332"]
[BlackElo "1192"]

1. e4 e5 2. Nf3 Nc6 3. Bc4 Bc5 4. Nc3 d6 5. d3 Bg4 6. h3 Be6 7. Bg5 Nf6 8. Nd5 Bxd5 9. exd5 Nd4 10.
c3 Nxf3+ 11. Qxf3 a6 12. O-O h6 13. Be3 Bb6 14. d4 e4 15. Qg3 g6 16. f3 Qe7 17. fxe4 O-O-O 18. Rae1 Rdf8 19.
e5 dxe5 20. dxe5 Bxe3+ 21. Qxe3 Nd7 22. Kh1 Nb6 23. Bb3 Re8 24. d6 Qd8 25. dxc7 Qxc7 26. Rxf7 Qd8 27. Rd1 Qxd1+ 28. Bxd1 Nd7 29.
Bg4 Rd8 30. e6 Kb8 31. Rxd7 Rxd7 32. exd7 Rd8 33. Qe5+ Ka7 34. Qe8 Rxe8 35. dxe8=Q h5 36. Bf3 Kb6 37. Qb8 Kc5 38. Qc7+ Kb5 39. Qxb7+ Ka5 40. Qb4# 1-0

[Event "ONJK DE"]
[Site "Enschede, Netherlands"]
[Date "2022.08.09"]
[Round "2.6"]
[White "Katpatal, Akshaj (E)"]
[Black "Mittal, Aashray (E)"]
[Result "1-0"]
[TimeControl "40min + 30sec/move"]
[WhiteElo "1874"]
[BlackElo "1153"]

1. e4 c5 2. Nf3 d6 3. d4 cxd4 4. Nxd4 Nf6 5. Nc3 g6 6. Bc4 Bg7 7. O-O O-O 8. h3 Nc6 9. Be3 Qc7 10. Bb3 Bd7 11. Re1 Rac8 12.
Nd5 Nxd5 13. Nxc6 Nxe3 14. Nxe7+ Kh8 15. Rxe3 Rce8 16. Nd5 Qd8 17. c3 f5 18. Bc2 fxe4 19. Bxe4 Qh4 20. Bf3 Rxe3 21.
Nxe3 Bc6 22. Nd5 Bxd5 23. Qxd5 Qe7 24. Rd1 Be5 25. g3 Qf6 26. Rd3 Qf5 27. Kg2 b6 28. Qe4 Qf7 29. Qb7 Qxa2 30.
Qe7 Rf7 31. Qe8+ Kg7 32. Bd5 Rxf2+ 33. Kxf2 Qxb2+ 34. Kf3 Qb1 35. Qf7+ Kh6 36. Qf8+ Bg7 37. Qf4+ g5 38. Qxd6+ Kh5 39.
g4+ Kh4 40. Bf7 Kh5 41. Bd5+ Kh4 42. Qg3+ 1-0

[Event "ONJK DE"]
[Site "Enschede, Netherlands"]
[Date "2022.08.09"]
[Round "2.7"]
[White "Peeters, Paul (E)"]
[Black "Thijssen, Freek (E)"]
[Result "1-0"]
[TimeControl "40min + 30sec/move"]
[WhiteElo "1138"]
[BlackElo "1484"]

1. e4 e5 2. Nf3 Nc6 3. Bb5 Bc5 4. c3 d6 5. O-O a6 6. Ba4 b5 7. Bb3 Bg4 8. a4 Nf6 9. Re1 O-O 10.
h3 Bh5 11. d3 h6 12. Be3 Bb6 13. Nbd2 Qd7 14. Ra2 b4 15. Qa1 a5 16. d4 bxc3 17. bxc3 Bxf3 18. Nxf3 exd4 19. cxd4 Nb4 20.
Rae2 c5 21. dxc5 dxc5 22. Rd1 Qe7 23. e5 Ne8 24. Red2 Rd8 25. Rxd8 Bxd8 26. Bxc5 Qxc5 27. Rxd8 Nc7 28. Rxf8+ Kxf8 29.
Qd1 Ncd5 30. Nd4 Nc3 31. Qf3 Kg8 32. Qxf7+ Kh7 33. Qf5+ Kh8 34. Ne6 Qe7 35. Qf8+ Qxf8 36. Nxf8 Nc6 37. e6 Ne7 38. Kf1 g5 39. Nd7 Kg7 40. g3 Ned5 41.
Ke1 Kg6 42. Nb6 Nc7 43. f3 Kf6 44. Kd2 Nb1+ 45. Kc2 Na3+ 46. Kb2 Nab5 47. axb5 Nxb5 48. Nc4 Nd4 49. Nxa5 Nxf3 50. Nc6 Ne1 51.
e7 Nd3+ 52. Ka3 1-0

[Event "ONJK DE"]
[Site "Enschede, Netherlands"]
[Date "2022.08.09"]
[Round "2.8"]
[White "Leenen, Boyd (E)"]
[Black "Los, Evan (E)"]
[Result "1-0"]
[TimeControl "40min + 30sec/move"]
[WhiteElo "1417"]
[BlackElo "1050"]

1. e4 e5 2. Nf3 Nc6 3. Bc4 Nf6 4. d3 Qe7 5. Nc3 Na5 6. Bb3 c6 7. Bg5 g6 8. d4 d6 9. h3 Bg7 10.
O-O O-O 11. Re1 Qc7 12. Qd2 Bd7 13. Rad1 Rfe8 14. dxe5 Nh5 15. exd6 Qc8 16. Kh2 Be5+ 17. Nxe5 Rxe5 18. f4 Re8 19.
g4 Ng7 20. Nd5 cxd5 21. Qxa5 dxe4 22. Qd5 Ne6 23. Rxe4 Nxg5 24. fxg5 Re6 25. Rxe6 Bxe6 26. d7 Qc7+ 27. Qd6 Qxd6+ 28. Rxd6 Rd8 29. Bxe6 fxe6 30. Kg3 Kf8 31. Kf4 Ke7 32.
Ke5 Rxd7 33. Rxe6+ Kf7 34. Rd6 Re7+ 35. Kd4 Rc7 36. c3 Ke7 37. Rf6 Rd7+ 38. Ke3 Rc7 39. Rf2 Rd7 40. Ke4 Rc7 41.
h4 Rc6 42. Re2 Rd6 43. h5 Kf7 44. Rf2+ Ke7 45. Re2 Kf7 46. a3 a6 47. c4 b6 48. b4 Re6+ 49. Kd3 Rd6+ 50. Kc3 Rc6 51. Re5 b5 52. c5 Rc7 53. Kd4 Rd7+ 54. Ke4 Kg7 55. c6 Rc7 56.
Kd5 1-0

[Event "ONJK DE"]
[Site "Enschede, Netherlands"]
[Date "2022.08.09"]
[Round "3.1"]
[White "Groenewoud, Joel"]
[Black "Frederiks, Jesse"]
[Result "1-0"]
[TimeControl "40min + 30sec/move"]
[WhiteElo "1497"]
[BlackElo "1302"]

1. e4 e6 2. c4 c5 3. Nc3 Nc6 4.
Nf3 d6 5. d4 cxd4 6. Nxd4 Nf6 7. Be2 Be7 8. O-O Qc7 9. Be3 O-O 10. Qd2 Bd7 11. Rad1 Rac8 12. Ndb5 Qb8 13. Nxd6 Bxd6 14.
Qxd6 Rfd8 15. Qxb8 Rxb8 16. Rd2 Be8 17. Rfd1 Rxd2 18. Rxd2 Bd7 19. Bf4 Rc8 20. e5 Rd8 21. exf6 gxf6 22.
Bc7 Rc8 23. Rxd7 Kg7 24. Bf3 Ne5 25. Bxe5 fxe5 26. b3 a5 27. Bxb7 Rc5 28. Na4 1-0

[Event "ONJK DE"]
[Site "Enschede, Netherlands"]
[Date "2022.08.09"]
[Round "3.2"]
[White "Declerck, Adriaan"]
[Black "Meert, Maarin"]
[Result "1-0"]
[TimeControl "40min + 30sec/move"]
[WhiteElo "1371"]
[BlackElo "1299"]

1. f4 d5 2. Nf3 c5 3. e3 Nc6 4. Bb5 Nf6 5. d3 e6 6. Nbd2 Bd7 7. b3 Qb6 8. Bxc6 Bxc6 9. Bb2 Be7 10.
h3 O-O-O 11. Ne5 Rhf8 12. g4 g6 13. Nxc6 Qxc6 14. Nf3 Nd7 15. g5 f6 16. h4 Rde8 17. Qd2 e5 18. O-O-O e4 19.
dxe4 dxe4 20. Ng1 f5 21. h5 Rd8 22. Qf2 Nb6 23. Ne2 c4 24. Kb1 Nd5 25. Nd4 Qb6 26. Qe2 c3 27. Bc1 a6 28.
Qc4+ Kb8 29. hxg6 hxg6 30. Ne2 Qc5 31. Rh7 Rfe8 32. Rg7 Nxe3 33. Rxd8+ Rxd8 34. Qxc3 Qxc3 35. Nxc3 Rc8 36. Na4 Bf8 37.
Rxg6 Nxc2 38. Nb6 Rc7 39. Rg8 Ka7 40. Rxf8 Kxb6 41. Rxf5 Nd4 42. Be3 Rd7 43. Re5 Kc6 44. Rxe4 Nf5 45.
Rc4+ Kd5 46. Rc5+ Ke4 47. Bc1 Ng3 48. Re5+ Kf3 49. g6 Rg7 50. Rg5 Ne2 51. f5 Nf4 52. Bxf4 Kxf4 53. Rh5 Ke5 54.
Rh7 Kf6 55. Rxg7 Kxg7 56. Kc2 b6 57. Kc3 Kf6 58. Kd4 b5 59. Kc5 Kg7 60. Kb6 1-0

[Event "ONJK DE"]
[Site "Enschede, Netherlands"]
[Date "2022.08.09"]
[Round "3.3"]
[White "Breider, Jayden"]
[Black "Vogels, Mathijs"]
[Result "0-1"]
[TimeControl "40min + 30sec/move"]
[WhiteElo "1350"]
[BlackElo "1283"]

1. e4 e5 2. Nf3 Nc6 3. Bc4 Bc5 4. c3 Nf6 5. d4 exd4 6. cxd4 Bb4+ 7. Bd2 Bxd2+ 8. Nbxd2 d5 9. exd5 Nxd5 10.
O-O O-O 11. h3 Nb6 12. Bd3 Nxd4 13. Nxd4 Qxd4 14. Qc2 h6 15. Nf3 Qd8 16. Rfd1 Qe7 17. Rac1 c6 18. Rd2 Nd5 19. Re1 Qf6 20. Qc4 Nf4 21. Qc3 Qxc3 22. bxc3 Nxd3 23. Rxd3 Bf5 24.
Rd4 Rfe8 25. Kf1 Rad8 26. Rxd8 Rxd8 27. g4 Bd3+ 28. Kg2 Bc4 29. a3 Bd5 30. Re3 Bxf3+ 31. Kxf3 Rd7 32. h4 f6 33.
Kg3 Kf7 34. f4 Rd5 35. c4 Rc5 36. Rb3 b6 37. Rd3 Ke7 38. Re3+ Kf8 39. Re4 b5 40. cxb5 cxb5 41. Re3 a5 42.
h5 b4 43. axb4 axb4 44. Re4 Rc3+ 45. Kf2 b3 46. Rb4 Rc2+ 47. Ke1 b2 48. Rb8+ Ke7 49. Rb7+ Kd8 50. Kd1 Rc1+ 51. Kd2 b1=Q 52. Rxb1 Rxb1 0-1

[Event "ONJK DE"]
[Site "Enschede, Netherlands"]
[Date "2022.08.09"]
[Round "3.4"]
[White "Rooijakkers, Liam"]
[Black "Decraene, Lotus"]
[Result "0-1"]
[TimeControl "40min + 30sec/move"]
[WhiteElo "1266"]
[BlackElo "1332"]

1. e4 c5 2. Nf3 d6 3. d4 cxd4 4. Nxd4 Nf6 5. Nc3 a6 6. f3 e5 7. Nb3 Be6 8. Be3 Be7 9. Qd2 h5 10.
Be2 Nbd7 11. O-O-O Rc8 12. h3 h4 13. Bg5 b5 14. Bxf6 Nxf6 15. Nd5 Nxd5 16. Kb1 Nb6 17. Na5 Qc7 18.
Rdg1 Nc4 19. Nxc4 bxc4 20. g3 hxg3 21. Rxg3 g6 0-1

[Event "ONJK DE"]
[Site "Enschede, Netherlands"]
[Date "2022.08.09"]
[Round "3.5"]
[White "Dijkhuijsen, Thomas"]
[Black "Van Haaften, Jelle"]
[Result "0-1"]
[TimeControl "40min + 30sec/move"]
[WhiteElo "1306"]
[BlackElo "992"]

1. e4 c6 2. d4 d5 3. Nc3 g6 4. Nf3 Bg7 5. Be2 Nf6 6. e5 Nfd7 7. O-O O-O 8. Bf4 c5 9. dxc5 e6 10.
b4 Nc6 11. Rb1 Ndxe5 12. Nxe5 Nxe5 13. Nb5 b6 14. Bxe5 Bxe5 15. c6 Ba6 16. Na3 Bxe2 17. Qxe2 Bd6 18. Nb5 a6 19. Nd4 b5 20.
Nf3 Rc8 21. Ne5 Bxe5 22. Qxe5 Rxc6 23. c3 Qc7 24. Qxc7 Rxc7 25. Rbc1 Rfc8 26. Rfe1 Rxc3 27. Rxc3 Rxc3 28. g3 Rc2 29.
a3 d4 30. Re4 d3 31. Rd4 Rc3 32. Kf1 Rxa3 33. Ke1 Ra1+ 34. Kd2 Rh1 35. h4 Rb1 36. Kxd3 Kg7 37. Kc3 e5 38. Rd6 Rf1 39.
Rd2 Kf6 40. Ra2 Kf5 41. Rxa6 Rxf2 42. Ra5 Rf3+ 43. Kd2 Rxg3 44. Rxb5 Ke4 45. Rc5 Rb3 46. Rb5 f5 47. Kc2 Rd3 48.
Rb7 Rd4 49. b5 f4 50. b6 Rb4 51. Kc3 Rb1 52. Kc2 Rb5 53. Rxh7 Rxb6 54. Rh6 Kf5 55. h5 Kg5 56. Rxg6+ Rxg6 57.
hxg6 Kxg6 58. Kd3 Kf5 59. Kc2 f3 60. Kd3 Kf4 61. Kd2 e4 62. Kd1 Ke3 63. Ke1 Kf4 64. Kf2 e3+ 65. Ke1 f2+ 66.
Ke2 Kg3 67. Kf1 e2+ 68. Kxe2 Kg2 69.
Kd2 f1=Q 70. Ke3 Qf2+ 71. Ke4 Qf3+ 72. Kd4 Qe2 73. Kd5 Qe3 74.
Kc4 Qd2 75. Kc5 Qd3 76. Kb4 Qc2 77. Kb5 Qc3 78. Kb6 Qc4 79. Kb7 Qc5 80. Ka8 Qb5 81. Ka7 Kf3 82. Ka8 Ke4 83. Ka7 Kd5 84. Ka8 Kc6 85. Ka7 Qb7# 0-1

[Event "ONJK DE"]
[Site "Enschede, Netherlands"]
[Date "2022.08.09"]
[Round "3.6"]
[White "Koppenens, Oscar (E)"]
[Black "Katpatal, Akshaj (E)"]
[Result "0-1"]
[TimeControl "40min + 30sec/move"]
[WhiteElo "1266"]
[BlackElo "1874"]

1. e4 e5 2. Nf3 Nc6 3. Bc4 Bc5 4. d4 Nxd4 5. Nxe5 Ne6 6. O-O Nf6 7. Nc3 O-O 8. Na4 Be7 9. Re1 d6 10.
Nf3 c6 11. Nc3 b6 12. Be3 Bb7 13. Qe2 d5 14. Rad1 Bb4 15. exd5 cxd5 16. Bb3 Qc8 17. Bd2 Bc5 18. Be3 Bb4 19.
Bd2 Ba6 20. Qe5 Bc5 21. h3 d4 22. Nd5 Nxd5 23. Bxd5 Bb7 24. Bxe6 Qxe6 25. Qxe6 fxe6 26. Ng5 d3 27. Be3 Bxe3 28.
Rxe3 dxc2 29. Rc1 Rac8 30. Rc3 Rxc3 31. bxc3 Bd5 32. Rxc2 h6 33. c4 Bxc4 34. Rxc4 hxg5 35. Rc7 Rf7 36.
Rc8+ Kh7 37. Re8 Rf6 38. f3 Kg6 39. a4 Kf7 40. Rb8 Kg6 41. Kf2 Rf7 42. Ke3 Kf5 43. Rd8 Ke5 44. g3 Rc7 45.
f4+ gxf4+ 46. gxf4+ Kf5 47.
Rf8+ Kg6 48. Ra8 a5 49. Kd4 Rf7 50. Ke5 Rf5+ 51. Kxe6 Rxf4 52. Rb8 Kg5 53. Rxb6 Rf6+ 0-1

[Event "ONJK DE"]
[Site "Enschede, Netherlands"]
[Date "2022.08.09"]
[Round "3.7"]
[White "Rudolph, Simon (E)"]
[Black "Leenen, Boyd (E)"]
[Result "1/2-1/2"]
[TimeControl "40min + 30sec/move"]
[WhiteElo "996"]
[BlackElo "1417"]

1. e4 e5 2. Nf3 Nc6 3. Bb5 Nf6 4. d3 a6 5. Ba4 b5 6. Bb3 Bc5 7. O-O d6 8. c3 Bg4 9. Nbd2 O-O 10.
h3 Bh5 11. Re1 Ba7 12. Nf1 Na5 13. Bc2 c5 14. Ng3 Bg6 15. Bg5 h6 16. Be3 Nc6 17. Rc1 Nb8 1/2-1/2

[Event "ONJK DE"]
[Site "Enschede, Netherlands"]
[Date "2022.08.09"]
[Round "3.8"]
[White "Mittal, Aashray (E)"]
[Black "Peeters, Paul (E)"]
[Result "0-1"]
[TimeControl "40min + 30sec/move"]
[WhiteElo "1153"]
[BlackElo "1138"]

1. e4 e5 2. Nf3 Nc6 3. d4 exd4 4.
Nxd4 Nf6 5. Nc3 Bb4 6. Nxc6 bxc6 7. Bd3 d5 8. exd5 Bg4 9. f3 Bh5 10. dxc6 Qd4 11. Qe2+ Kf8 12. Bd2 Re8 13.
Ne4 Nxe4 14. Bxe4 Rxe4 15. Qxe4 Qxd2+ 16. Kf1 Bg6 17. Qe2 Bxc2 18. Qxd2 Bxd2 19. Ke2 Bf4 20. g3 Bd6 21. Rac1 Ba4 22. b3 Bb5+ 23. Kf2 g6 24. Rhd1 Kg7 25.
Rd5 Ba6 26. Ra5 Bd3 27. Rxa7 Re8 28. Ra5 Bb4 29. Rd5 Bd2 30. Rd1 Re2+ 31. Kg1 Be3+ 32. Kh1 Ba6 33. Re5 h6 34. Re7 Bc8 35. g4 h5 36. Rxc7 Be6 37.
h3 hxg4 38. hxg4 Bf4 39. Re7 Bxb3 40. Rxe2 Bxd1 41. Re4 Bxf3+ 42. Kg1 Bxe4 43. a4 Bxc6 44. a5 Be3+ 45.
Kf1 Bd2 0-1

[Event "ONJK DE"]
[Site "Enschede, Netherlands"]
[Date "2022.08.09"]
[Round "4.1"]
[White "Decraene, Lotus"]
[Black "Groenewoud, Joel"]
[Result "0-1"]
[TimeControl "40min + 30sec/move"]
[WhiteElo "1332"]
[BlackElo "1497"]

1. e4 c6 2. d4 d5 3. exd5 cxd5 4. Bd3 Nc6 5. c3 Qc7 6. Ne2 e6 7. Bf4 Bd6 8. Bxd6 Qxd6 9. Nd2 Nf6 10. O-O O-O 11. Ng3 e5 12.
dxe5 Nxe5 13. Bf5 Rd8 14. Nf3 Nc4 15. b3 Nb6 16. Nd4 g6 17. Bd3 h5 18. Qd2 Nbd7 19. Qg5 Nf8 20. Nb5 N8h7 21.
Qe3 Qf8 22. Nc7 Rb8 23. Qxa7 Bd7 24. Qe3 b5 25. Na6 Rbc8 26. Rac1 Ng4 27. Qe2 h4 28. Nh1 Qd6 29. f4 Qxa6 30.
f5 Qb6+ 31. Nf2 Nxf2 32. Qxf2 Qxf2+ 33. Rxf2 b4 34. fxg6 fxg6 35. Bxg6 bxc3 36. Bf7+ Kh8 37. Bxd5 Bb5 38. Be4 Ng5 39. Bf5 Rc5 40. b4 Rc4 41.
Rfc2 Rcd4 42. Rxc3 R8d5 43. Bg6 Kg7 44. Bh5 Kh6 45. Bf3 Rf5 46. Rc5 Nxf3+ 47. gxf3 Rxc5 48. bxc5 Bc6 49. Kg2 Rd2+ 50.
Kh3 Kh5 51. Rc4 Bd7+ 52. Rg4 Bxg4+ 53. fxg4+ Kg5 0-1

[Event "ONJK DE"]
[Site "Enschede, Netherlands"]
[Date "2022.08.09"]
[Round "4.2"]
[White "Van Haaften, Jelle"]
[Black "Declerck, Adriaan"]
[Result "0-1"]
[TimeControl "40min + 30sec/move"]
[WhiteElo "992"]
[BlackElo "1371"]

1. d4 Nf6 2. c4 e6 3. Nc3 Bb4 4.
a3 Bxc3+ 5. bxc3 O-O 6. Nf3 c5 7. d5 d6 8. Bg5 h6 9. Bh4 g5 10. Bg3 Qa5 11. Qc2 Rd8 12. h4 g4 13.
Nd2 exd5 14. cxd5 Nxd5 15. c4 Ne7 16. Qe4 Qc3 17. Rd1 Nbc6 18. h5 Nd4 19. f3 Bf5 20. Qxe7 Re8 21. Qxe8+ Rxe8 22.
e4 Nc2+ 0-1